 Dungeon Crawl Stone Soup version 0.20-a0-967-g62cfa5d (webtiles) character file.

70 Gorglomux the Charmwright (level 4, -3/36 HPs)
             Began as a Bultungin Skald on Apr 7, 2017.
             Slain by Crazy Yiuf
             ... wielding a +3 quarterstaff of chaos
              (6 damage)
             ... on level 2 of the Dungeon.
             The game lasted 00:04:53 (1445 turns).

Gorglomux the Charmwright (Bultungin Skald)         Turns: 1445, Time: 00:04:53

Health: -3/36      AC:  3    Str: 11    XL:     4   Next: 22%
Magic:  1/9        EV: 13    Int: 13    God:
Gold:   86         SH:  0    Dex: 13    Spells: 4/10 levels left

rFire    . . .     SeeInvis +   a - +0 short sword
rCold    . . .     Gourm    .   (no shield)
rNeg     . . .     Faith    .   b - +0 leather armour
rPois    .         Spirit   .   (no helmet)
rElec    .         Reflect  .   (no cloak)
rCorr    .         Harm     .   (no gloves)
MR       .....                  (no boots)
Stlth    +.........             (no amulet)
Regen    0.2/turn               (no ring)
MPRegen  0.2/turn               (no ring)

@: infused, drained
A: short attention span, fangs 1, see invisible, strong nose
a: no special abilities


You were on level 2 of the Dungeon.
You were not hungry.

You visited 1 branch of the dungeon, and saw 2 of its levels.

You collected 86 gold pieces.

Inventory:

Hand Weapons
 a - a +0 short sword (weapon)
Armour
 b - a +0 leather armour (worn)
Jewellery
 s - an uncursed amulet of magic regeneration {unknown}
Scrolls
 i - 2 scrolls of identify {unknown}
 m - a scroll of recharging {unknown}
 n - a scroll of amnesia {unknown}
 q - a scroll of immolation {unknown}
 r - a scroll of fear {unknown}
 t - a scroll of blinking {unknown}
Potions
 g - 2 potions of might {unknown}
 j - 2 potions of invisibility {unknown}
 k - a potion of mutation {unknown}
 o - a potion of degeneration {unknown}
 p - a potion of resistance {unknown}
Books
 c - a book of Battle

   Spells                             Type                      Level
   a - Infusion                       Charms                       1
   b - Shroud of Golubria             Charms/Translocation         2
   c - Song of Slaying                Charms                       2
   d - Spectral Weapon                Hexes/Charms                 3
   e - Regeneration                   Charms/Necromancy            3
Comestibles
 d - a bread ration
 f - 4 meat rations
 l - 2 royal jellies
 u - a chunk of flesh


   Skills:
 + Level 3.6(3.2) Fighting
 + Level 3.5(3.1) Short Blades
 + Level 2.4(2.1) Armour
 + Level 4.2(3.9) Dodging
 + Level 3.6(3.3) Spellcasting
 + Level 5.1(4.7) Charms
 + Level 0.4(0.1) Necromancy


You had 4 spell levels left.
You knew the following spells:

 Your Spells              Type           Power        Failure   Level  Hunger
a - Infusion              Chrm           ##..         4%          1    #......
h - Shroud of Golubria    Chrm/Tloc      #.........   17%         2    ##.....
R - Regeneration          Chrm/Necr      #.........   34%         3    ###....


Dungeon Overview and Level Annotations

Branches:
Dungeon (2/15)

Altars:

Annotations:
D:2 Crazy Yiuf


Innate Abilities, Weirdness & Mutations

You have a short attention span.
You have very sharp teeth.
You have supernaturally acute eyesight. (SInv)
Your uncanny sense of smell can sniff out nearby items.


Message History

Your shroud falls apart!
You hit Crazy Yiuf but do no damage.
Crazy Yiuf is moderately wounded.
You hit Crazy Yiuf.
Crazy Yiuf is moderately wounded.
Crazy Yiuf hits you with a quarterstaff of chaos!
You feel drained.
You closely miss Crazy Yiuf.
Crazy Yiuf is moderately wounded.
Crazy Yiuf closely misses you.
You hit Crazy Yiuf. Your bite misses Crazy Yiuf.
Crazy Yiuf is moderately wounded.
Crazy Yiuf hits you with a quarterstaff of chaos.
You feel your power leaking away.
You hit Crazy Yiuf.
Crazy Yiuf is heavily wounded.
Crazy Yiuf hits you with a quarterstaff of chaos!
* * * LOW HITPOINT WARNING * * *
Crazy Yiuf freezes you.
You die...

........................)........
#.##..#.#####.###.###.#.#........
#.##....# #.# #.# #.#.#....#.#.
........# ### ### #####....#.#.
#.###...# #.......#. ........#
#.......#. ..###...##♣♣ ###
#......##. ..........P♣♣ ♣♣#..)#
#..#...##. .####.......♣♣♣♣@g...#
#...(..##. ..........PP.♣..♣#...#
#...(#.##. .####.#...P.♣.♣♣♣ ###
#....(.##. ........##♣♣♣♣♣
#...(..... ####..#.# ##.#.#....
........########### #####.#.#.###
....#.##.......##.# #..##.#.#)...
###.#.##.####..##.# #.###........
#.#.##.# #..##.# #.# ###..).##


You could see Crazy Yiuf.

Vanquished Creatures
  2 adders (D:2)
  An ooze (D:2)
  2 leopard geckos
  2 giant cockroaches (D:1)
  11 goblins
  4 hobgoblins
  3 jackals (D:2)
  5 bats
  5 frilled lizards
  9 kobolds
44 creatures vanquished.

Notes
Turn   | Place    | Note
-------+----------+-------------------------------------------
     0 | D:1      | Gorglomux the Bultungin Skald began the quest for the Orb.
     0 | D:1      | Reached XP level 1. HP: 18/18 MP: 4/4
   177 | D:1      | Reached XP level 2. HP: 18/24 MP: 3/6
   344 | D:1      | Learned a level 2 spell: Shroud of Golubria
   348 | D:1      | You fall through a shaft!
   409 | D:2      | Reached XP level 3. HP: 29/29 MP: 3/7
   823 | D:2      | Found a runed door.
   939 | D:2      | Reached skill level 5 in Charms
  1011 | D:2      | Learned a level 3 spell: Regeneration
  1084 | D:2      | Reached XP level 4. HP: 29/36 MP: 3/9
  1435 | D:2      | Noticed Crazy Yiuf
  1445 | D:2      | Slain by Crazy Yiuf

Vault maps used:
D:1:      mrwooster_arrival_statue, minivault_5
D:2:      uniq_crazy_yiuf_cottage

Skill      XL: |  1  2  3 |
---------------+----------+-----
Armour         | 2 |  2.4
Charms         | 5 |  5.1
Dodging        | 4 |  4.2
Fighting       | |  3.6
Short Blades   | |  3.5
Spellcasting   | |  3.6
Necromancy     | |  0.4

Action                   |  1- 3 |  4- 6 || total
-------------------------+-------+-------++-------
Melee: Short sword       |    91 |    22 ||   113
       Bite              |     7 |     3 ||    10
 Cast: Infusion          |    18 |     3 ||    21
       Shroud of Golubri |       |     1 ||     1
  Eat: Chunk             |     1 |     1 ||     2
Armor: Leather armour    |    11 |     4 ||    15
Dodge: Dodged            |    54 |     6 ||    60
